 Dungeon Crawl Stone Soup version 0.31-a0-636-ge1c0e020e0 (webtiles) character file.

Game seed: 5397668392172079737

9240 jlumianski the Nimble (level 11, -1/77 HPs)
             Began as a Djinni Fire Elementalist on Aug 26, 2023.
             Was an Elder of Makhleb.
             Slain by a troll (2 damage)
             ... on level 11 of the Dungeon.
             The game lasted 01:06:47 (9877 turns).

jlumianski the Nimble (Djinni Fire Elementalist)    Turns: 9877, Time: 01:06:47

Health: -1/77      AC:  6    Str:  7      XL:     11   Next: 70%
Gold:   483        EV: 21    Int: 21 (22) God:    Makhleb [****..] SH:  0 Dex: 13

rFire   + + .        z - +2 dagger (venom)
rCold   . . .        (no shield)
rNeg    + + .        E - +2 robe {rC+}
rPois   ∞            g - +2 hat
rElec   .            K - scarf "Ozenasaw" {repulsion, rN++}
rCorr   .            (no gloves)
SInv    .            (boots unavailable)
Will    +....        (no amulet)
Stlth   ++++         l - +5 ring of evasion
HPRegen 0.32/turn    (no ring)
MPRegen 0.00/turn

%: repel missiles, infuse magic (-2 HP)
@: flying
A: sickness immunity, fire resistance 2, cold vulnerability 1, float, innate
caster, HP casting, extra vitality 1
a: Renounce Religion, Minor Destruction, Lesser Servant of Makhleb, Major
Destruction


You were on level 11 of the Dungeon.
You worshipped Makhleb.
Makhleb was greatly pleased with you.
You visited 2 branches of the dungeon, and saw 11 of its levels.
You also visited: Sewer.

You collected 483 gold pieces.

Inventory:

Hand Weapons
 b - a +0 dagger
 c - a +1 dagger of venom
 e - a +0 short sword
 v - a +1 trident of venom
 z - a +2 dagger of venom (weapon)
 D - a +0 rapier
 R - a +0 antimagic short sword
 V - a +3 quarterstaff of chaos
Missiles
 m - 12 poisoned darts
 C - 7 boomerangs
 N - 3 throwing nets
Armour
 a - a +0 robe
 g - a +2 hat (worn)
 E - a +2 robe of cold resistance (worn)
 K - the scarf "Ozenasaw" (worn) {repulsion, rN++}
   (You found it on level 6 of the Dungeon)

   rN++:      It greatly protects you from negative energy.
 M - a scarf of harm
 P - the +8 chain mail of the Wilderness {Harm rPois Stlth+}
   (You found it on level 7 of the Dungeon)

   rPois:     It protects you from poison Harm: It increases damage dealt and
   taken.
   Stlth+:    It makes you more stealthy.
 Q - a +1 leather armour of fire resistance
 W - a +0 cloak
Magical Staves
 n - a staff of air
Jewellery
 k - a ring of fire
 l - a +5 ring of evasion (left hand)
 A - a ring of resist corrosion
Wands
 s - a wand of flame (35)
 y - a wand of roots (8)
 U - a wand of paralysis (3)
Scrolls
 h - 4 scrolls of teleportation
 o - a scroll of fear {unknown}
 p - a scroll of vulnerability
 t - a scroll of amnesia
 u - 2 scrolls of torment
 x - a scroll of fog {unknown}
 F - 2 scrolls of blinking
 I - 3 scrolls of noise {unknown}
 J - a scroll of immolation {unknown}
Potions
 d - a potion of cancellation
 i - 2 potions of haste
 q - a potion of lignification
 r - 4 potions of curing
 w - 2 potions of resistance {unknown}
 B - 2 potions of enlightenment {unknown}
 L - 4 potions of brilliance
 O - a potion of degeneration
 S - a potion of berserk rage
 T - a potion of might
 X - a potion of heal wounds {unknown}
Miscellaneous
 H - a phial of floods


   Skills:
 + Level 6.3 Fighting
 + Level 4.1 Short Blades
 + Level 10.3 Dodging
 + Level 8.1 Stealth
 - Level 8.5 Spellcasting
 - Level 8.5 Conjurations
 - Level 8.5 Hexes
 - Level 8.5 Summonings
 - Level 8.5 Necromancy
 - Level 8.5 Translocations
 - Level 8.5 Transmutations
 - Level 8.5 Fire Magic
 - Level 8.5 Ice Magic
 - Level 8.5 Air Magic
 - Level 8.5 Earth Magic
 - Level 8.5 Poison Magic
 * Level 4.1 Invocations


You knew the following spells:

 Your Spells              Type           Power      Damage    Failure   Level
a - Foxfire               Conj/Fire      100%       2x1d9     1%          1
b - Scorch                Fire           88%        2d8       1%          2
c - Volatile Blastmotes   Fire/Tloc      88%        2d17      1%          3
d - Inner Flame           Hex/Fire       44%        N/A       1%          3
e - Flame Wave            Conj/Fire      44%        2d11      2%          4
f - Freeze                Ice            100%       1d10      1%          1
g - Static Discharge      Conj/Air       88%        2-6/arc   1%          2
h - Teleport Other        Tloc           44%        N/A       1%          3
i - Tukima's Dance        Hex            44%        N/A       1%          3
j - Cause Fear            Hex            22%        N/A       2%          4
Your spell library was empty.

Dungeon Overview and Level Annotations

Branches:
Dungeon (9/15)             Temple (1/1) D:4            Lair (0/5) D:9
  Sewer (visited)
    Orc: D:9-12

Altars:
Ashenzari
Dithmenos
Elyvilon
Fedhas
Gozag
Hepliaklqana
Makhleb
Nemelex Xobeh
Okawaru
Qazlal
Ru
Trog
Uskayaw
Wu Jian
Xom
Yredelemnul
Zin
The Shining One

Portals:
Bailey: D:9

Annotations:
D:5 2 runed translucent doors
D:8 3 runed translucent doors, MathMan16's ghost, novice HOMo


Innate Abilities, Weirdness & Mutations

You are immune to sickness and miasma.
You are immune to poison.
Your flesh is very heat resistant. (rF++)
You are vulnerable to cold. (rC-)
You float through the air rather than walking.
You learn spells naturally, not from books.
Your magical power is your life essence.
You have superior vitality. (+4 MHP)


Message History

Confirm with . or Enter, or press ? or * to list all spells.
Flames lash the troll.
The troll is lightly wounded.
The troll's fire resistance burns away.
The orc priest hits you with a +0 hand axe.
The troll bites you! The troll barely misses you. The troll claws you!
* * * LOW HITPOINT WARNING * * *
Casting: Scorch (safe; 1% risk of failure)
Confirm with . or Enter, or press ? or * to list all spells.
Flames lash the orc priest.
The orc priest is almost dead.
The orc priest's fire resistance burns away.
* * * LOW HITPOINT WARNING * * *
You kill the orc priest!
Makhleb accepts your kill. The troll completely misses you.
The troll claws you!
* * * LOW HITPOINT WARNING * * *
The troll completely misses you.
You are confused.
You feel invigorated.
The troll is no longer more vulnerable to fire.
The troll misses you. The troll claws you.
* * * LOW HITPOINT WARNING * * *
The troll barely misses you. The troll attacks as it pursues you!
The troll closely misses you. x2
The troll claws you.
* * * LOW HITPOINT WARNING * * *
The troll attacks as it pursues you! The troll bites you!
* * * LOW HITPOINT WARNING * * *
The troll closely misses you. The troll completely misses you.
You bump into the rock wall.
You feel less invigorated.
You feel less confused. The troll completely misses you.
The troll barely misses you. The troll claws you.
* * * LOW HITPOINT WARNING * * *
The troll attacks as it pursues you! The troll closely misses you.
The troll claws you.
* * * LOW HITPOINT WARNING * * *
The troll claws you.
You die...

..........................
........).................
######....#####+#....##+##
#...)# #....# #.†..# #....+
#....# #....# +....# #....#
###...T#####+#....#####
#.....@................
#......................
#...................... ..#
#####......................
..#
#..........................
..#
#....#+##############.....#
..# #....# #.....# ..#
#....+ #.....# ..# #....#
#.....#


You could see a troll (poisoned).

Vanquished Creatures
  A two-headed ogre (D:11)
  Prince Ribbit (D:6)
  Grinder (D:4)
  Sigmund (D:6)
  A wraith (D:9)
  A basilisk (D:11)
  Eustachio (D:6)
  11 yaks
  Edmund (D:5)
  An acid dragon (D:11)
  2 water moccasins
  2 ice beasts (D:7)
  An orc warrior (D:8)
  5 ogres
  4 sky beasts
  A phantom (D:4)
  5 centaurs
  3 bullfrogs
  Blork the orc (D:4)
  2 gnoll sergeants
  2 scorpions
  13 wights
  A killer bee (D:9)
  2 howler monkeys
  3 hounds
  5 orc priests
  Crazy Yiuf (D:7)
  A jelly (D:5)
  A gnoll bouda (D:6)
  Ijyb (D:4)
  2 iguanas
  11 orc wizards
  Natasha (thrice) (D:4 D:3)
  18 adders
  15 gnolls
  A river rat (D:6)
  A shadow imp (D:7)
  4 white imps
  5 ufetubi
  2 worms (D:6)
  25 orcs
  19 endoplasms
  17 giant cockroaches
  8 goblins
  11 hobgoblins
  2 jackals
  7 kobolds
  9 quokkas
  17 ball pythons
  A bat (D:2)
  12 frilled lizards
  8 rats
274 creatures vanquished.

Vanquished Creatures (collateral kills)
  A two-headed ogre (D:11)
  An orc warrior (D:9)
  An orc (D:7)
  11 foxfires
14 creatures vanquished.

Vanquished Creatures (others)
  2 dancing weapons (D:11)
  431 foxfires
433 creatures vanquished.

Grand Total: 721 creatures vanquished

Notes
Turn   | Place    | Note
-------+----------+-------------------------------------------
     0 | D:1      | jlumianski the Djinni Fire Elementalist began the quest for
                  | the Orb.
     0 | D:1      | jlumianski set off with the following spells memorised:
                  | Foxfire, Scorch, Volatile Blastmotes, Inner Flame, Flame
                  | Wave.
     0 | D:1      | Reached XP level 1. HP: 15/15 MP: 0/0
   141 | D:1      | Reached XP level 2. HP: 16/21 MP: 0/0
   653 | D:1      | Found a faded altar of an unknown god.
   686 | D:1      | Reached XP level 3. HP: 25/25 MP: 0/0
   686 | D:1      | Learned a level 1 spell: Freeze
  1342 | D:3      | Reached skill level 3 in Dodging
  1342 | D:3      | Reached XP level 4. HP: 28/31 MP: 0/0
  1388 | D:4      | Noticed a gnoll sergeant
  1638 | D:3      | Reached XP level 5. HP: 34/35 MP: 0/0
  1638 | D:3      | Learned a level 2 spell: Static Discharge
  1654 | D:3      | Found a sparkling altar of Nemelex Xobeh.
  1728 | D:3      | Reached skill level 1 in Short Blades
  1839 | D:3      | Found an iron altar of Okawaru.
  1940 | D:3      | Found a glowing silver altar of Zin.
  2668 | D:4      | Noticed Natasha
  2681 | D:4      | Killed Natasha
  2682 | D:4      | Reached XP level 6. HP: 9/41 MP: 0/0
  2811 | D:4      | Noticed Natasha
  2818 | D:4      | Killed Natasha
  2894 | D:4      | Noticed Natasha
  2895 | D:4      | Noticed Ijyb
  3004 | D:3      | Killed Natasha
  3046 | D:4      | Killed Ijyb
  3111 | D:4      | Noticed Grinder
  3126 | D:4      | Killed Grinder
  3127 | D:4      | Reached XP level 7. HP: 22/46 MP: 0/0
  3127 | D:4      | Learned a level 3 spell: Teleport Other
  3246 | D:4      | Found a staircase to the Ecumenical Temple.
  3258 | D:4      | Noticed Blork the orc
  3269 | Temple   | Entered the Ecumenical Temple
  3277 | Temple   | Became a worshipper of Makhleb the Destroyer
  3303 | D:4      | Killed Blork the orc
  3365 | D:5      | Entered Level 5 of the Dungeon
  3394 | D:5      | Reached skill level 5 in Spellcasting
  3394 | D:5      | Reached skill level 5 in Conjurations
  3394 | D:5      | Reached skill level 5 in Hexes
  3394 | D:5      | Reached skill level 5 in Summonings
  3394 | D:5      | Reached skill level 5 in Necromancy
  3394 | D:5      | Reached skill level 5 in Translocations
  3394 | D:5      | Reached skill level 5 in Transmutations
  3394 | D:5      | Reached skill level 5 in Fire Magic
  3394 | D:5      | Reached skill level 5 in Ice Magic
  3394 | D:5      | Reached skill level 5 in Air Magic
  3394 | D:5      | Reached skill level 5 in Earth Magic
  3394 | D:5      | Reached skill level 5 in Poison Magic
  3431 | D:5      | Noticed a water moccasin
  3436 | D:5      | Killed a water moccasin
  3437 | D:5      | Reached skill level 4 in Dodging
  3494 | D:5      | Noticed Edmund
  3621 | D:4      | Reached XP level 8. HP: 15/51 MP: 0/0
  3782 | D:4      | Reached skill level 1 in Fighting
  3856 | D:5      | Identified the +7 rapier "Jeydifigh" {chaos, *Noise rElec
                  | Int+3 Dex+2}
  3964 | D:4      | Reached skill level 5 in Fighting
  3964 | D:4      | Reached skill level 7 in Dodging
  3964 | D:4      | Reached XP level 9. HP: 35/65 MP: 0/0
  3964 | D:4      | Learned a level 3 spell: Tukima's Dance
  4303 | D:5      | Found a large runed translucent door.
  4304 | D:5      | Found a large runed translucent door.
  4315 | D:5      | Found a shimmering altar of Xom.
  4679 | D:5      | Reached * piety under Makhleb
  4793 | D:6      | Noticed Prince Ribbit
  4801 | D:6      | Noticed Eustachio
  4821 | D:6      | Killed Eustachio
  4942 | D:6      | Killed Prince Ribbit
  4964 | D:6      | Reached skill level 8 in Dodging
  4975 | D:6      | Found a glowing golden altar of the Shining One.
  4989 | D:6      | Found a glowing drain.
  5011 | Sewer    | Entered a sewer
  5224 | Sewer    | Reached ** piety under Makhleb
  5370 | Sewer    | Reached XP level 10. HP: 72/72 MP: 0/0
  5609 | D:5      | Killed Edmund
  6348 | D:6      | Identified the scarf "Ozenasaw" {repulsion, rN++}
  6379 | D:6      | Reached skill level 1 in Invocations
  6665 | D:6      | Noticed Sigmund
  6686 | D:6      | Killed Sigmund
  6889 | D:6      | Reached *** piety under Makhleb
  7303 | D:7      | Identified the +8 chain mail of the Wilderness {Harm rPois
                  | Stlth+}
  7365 | D:7      | Found an ornate altar of the Wu Jian Council.
  7714 | D:8      | Reached skill level 9 in Dodging
  7796 | D:7      | Reached XP level 11. HP: 63/76 MP: 0/0
  7796 | D:7      | Learned a level 4 spell: Cause Fear
  8015 | D:7      | Found a stormy altar of Qazlal.
  8410 | D:7      | Found a runed translucent door.
  8411 | D:7      | Noticed Crazy Yiuf
  8456 | D:7      | Killed Crazy Yiuf
  8602 | D:8      | Reached **** piety under Makhleb
  8828 | D:8      | Found a runed translucent gate.
  8829 | D:8      | Found a runed translucent gate.
  8829 | D:8      | Found a runed translucent gate.
  8829 | D:8      | Noticed MathMan16's ghost (novice HOMo)
  9450 | D:9      | Found a flagged portal.
  9452 | D:9      | You are sucked into a shaft and drop 2 floors!
  9691 | D:11     | Noticed a two-headed ogre
  9706 | D:11     | Killed a two-headed ogre
  9707 | D:11     | Reached skill level 10 in Dodging
  9799 | D:11     | Noticed a two-headed ogre
  9812 | D:11     | Killed a two-headed ogre
  9823 | D:11     | HP: 3/76 [troll (8)]
  9877 | D:11     | HP: 1/77 [troll (6)]
  9877 | D:11     | Slain by a troll

Illustrated notes

Levels and vault maps discovered:
D:1:      matt_arrival_diagonals, layout_loops_ring,
          hellmonk_ecumenical_altar_zigzags, st_stairs_12,
          chequers_serial_rivers_large_b, corexii_leaking_fountain,
          amethyst_killhole, serial_bayou_crossing
D:2:      layout_basic
D:3:      layout_loops_ring, zin_treasury, nemelex_diamond_rough_becter,
          mainiacjoe_overflow_catch_the_wave, serial_bayou,
          serial_bayou_lagoon_b, serial_bayou_pond_d, serial_bayou_pond_a,
          serial_bayou_pond_c
D:4:      layout_basic, minmay_temple_entry_gardened_gates,
          chequers_serial_rivers_room_b, kennysheep_generic_room_5,
          uniq_blork_the_orc, uniq_grinder, uniq_ijyb, uniq_natasha
D:5:      due_chaos_kobolds, layout_layer_cave,
          minmay_a_box_with_orc_wizards_in_it, uniq_edmund
D:6:      layout_gridville, old_standard_altar, cheibrodos_sewer_entry_sluice,
          uniq_sigmund, uniq_eustachio, uniq_prince_ribbit1
D:7:      layout_basic, nicolae_overflow_crystal_walls,
          overflow_temple_1_default, minmay_stone_trees_small,
          uniq_crazy_yiuf_cottage
D:8:      layout_rooms, ebering_ghost_rock_garden, serial_park_tiny_1
D:9:      layout_loops_ring, mainiacjoe_overflow_alcove_4, dpeg_oklobed_lair,
          enter_bailey_5, grunt_decor_fettered
D:11:     layout_gridville, uniq_nergalle
Temple:   eino_narrow_crystal_temple

Skill      XL: |  1  2  3  4  5  6  7  8  9 10 11 |
---------------+----------------------------------+-----
Spellcasting   | 4 5 8 |  8.5
Conjurations   | 4 5 8 |  8.5
Hexes          | 4 5 8 |  8.5
Summonings     | 4 5 8 |  8.5
Necromancy     | 4 5 8 |  8.5
Translocations | 4 5 8 |  8.5
Transmutations | 4 5 8 |  8.5
Fire Magic     | 4 5 8 |  8.5
Ice Magic      | 4 5 8 |  8.5
Air Magic      | 4 5 8 |  8.5
Earth Magic    | 4 5 8 |  8.5
Poison Magic   | 4 5 8 |  8.5
Stealth        | 2 3 6 7 8 |  8.1
Dodging        | 3 4 7 8 9 10 | 10.3
Short Blades   | 1 2 4 |  4.1
Fighting       | 5 6 |  6.3
Invocations    | 2 4 |  4.1

Action                     |  1- 3 |  4- 6 |  7- 9 | 10-12 || total
---------------------------+-------+-------+-------+-------++-------
  Melee: Dagger            |     6 |       |    40 |   129 ||   175
         Unarmed           |     1 |       |       |       ||     1
         Short sword       |    14 |    22 |     3 |       ||    39
         Punch             |     1 |       |     1 |     3 ||     5
   Cast: Foxfire           |    41 |    41 |    90 |    81 ||   253
         Freeze            |     1 |     9 |     9 |     4 ||    23
         Scorch            |       |    11 |    18 |    66 ||    95
         Volatile Blastmot |       |     6 |     8 |    18 ||    32
         Static Discharge  |       |       |     4 |    12 ||    16
         Tukima's Dance    |       |       |     4 |    18 ||    22
         Flame Wave        |       |       |       |     9 ||     9
         Cause Fear        |       |       |       |     1 ||     1
         Inner Flame       |       |       |       |     1 ||     1
 Invoke: Lesser Servant of |       |       |       |     1 ||     1
  Evoke: Wand              |       |       |       |     1 ||     1
    Use: Scroll            |       |       |     7 |     6 ||    13
         Potion            |       |       |     1 |     7 ||     8
   Stab: Sleeping          |     6 |     4 |    10 |     1 ||    21
 Armour: Robe              |     2 |     5 |    15 |    42 ||    64
  Dodge: Dodged            |    16 |    41 |   117 |   291 ||   465
         Repelled          |       |       |       |     2 ||     2

Table legend: (Time is in decaauts)
 A = Elapsed time spent in this place.
 B = Non-inter-level travel time spent in this place.
 C = Inter-level travel time spent in this place.
 D = Time resting spent in this place.
 E = Time spent auto-exploring this place.
 F = Levels seen in this place.
 G = Mean time per level.
                   A        B        C        D        E       F      G
               +--------+--------+--------+--------+--------+-----+--------+
         Total |   9901 |   9711 |    190 |   1394 |   4820 |  12 |  825.1 |
       Dungeon |   9473 |   9283 |    190 |   1394 |   4769 |  10 |  947.3 |
        Temple |     19 |     19 |      0 |      0 |      0 |   1 |   19.0 |
         Sewer |    408 |    408 |      0 |      0 |     51 |   1 |  408.0 |
               +--------+--------+--------+--------+--------+-----+--------+

Top non-repeatable levels by time:
     D:7: 1658 daAuts
     D:3: 1382 daAuts
     D:5: 1377 daAuts
     D:4: 1376 daAuts
     D:6: 1016 daAuts
     D:1: 878 daAuts
     D:2: 724 daAuts
    D:11: 422 daAuts
     D:8: 410 daAuts
   Sewer: 408 daAuts
     D:9: 226 daAuts
  Temple: 19 daAuts
